Cogmind - Beta 14 @@@ ROGUE MODE // 2024.10.20 @ 21:44:24 Player: ToasterKoishi Result: Destroyed by P-60 Hacker with Shock Rifle Performance ------------- Evolutions (3) 1500 Regions Visited (6) 1200 Robots Destroyed (0) 0 Value Destroyed (10) 10 Prototype IDs (0) 0 Alien Tech Used (0) 0 Bonus (834) 834 TOTAL SCORE: 3544 Bonus ------- Pacifist 834 Cogmind --------- Core Integrity 0/700 Matter 271/300 Energy 99/100 System Corruption 0% Temperature Cool (0) Movement Core (50) Location -7/Lower Caves Parts ------- > --- POWER (1) -------- (None) > --- PROPULSION (4) --- (None) > --- UTILITY (6) ------ Machine Analyzer > --- WEAPON (2) ------- (None) > --- INVENTORY (5) ---- Advanced Terrain Scan Processor Heavy Particle Cannon Peak State ------------ > --- POWER ------------ (None) > --- PROPULSION ------- VTOL Module VTOL Module > --- UTILITY ---------- Machine Analyzer > --- WEAPON ----------- (None) > --- INVENTORY -------- Advanced Terrain Scan Processor Heavy Particle Cannon [Rating: 7] Favorites ----------- Power None Propulsion VTOL Module Flight Unit VTOL Module Utility Machine Analyzer Processor Machine Analyzer Weapon Heavy Particle Cannon Energy Cannon Heavy Particle Cannon Build | -11 -10 -9 -8 -7 -7 -7 ------- Run | Yrd Mat Mat Mat Fac Low Low Slots Evolved 6 | . . 2 2 2 . . Power . | . . . . . . . Propulsion 2 | . . . . 2 . . Utility 4 | . . 2 2 . . . Weapon . | . . . . . . . Parts Attached 5 | . . . 1 2 2 . Power . | . . . . . . . Engine . | . . . . . . . Core . | . . . . . . . Reactor . | . . . . . . . Propulsion 2 | . . . . . 2 . Treads . | . . . . . . . Leg . | . . . . . . . Wheel . | . . . . . . . Hover . | . . . . . . . Flight 2 | . . . . . 2 . Utility 1 | . . . . 1 . . Device . | . . . . . . . Storage . | . . . . . . . Processor 1 | . . . . 1 . . Hackware . | . . . . . . . Protection . | . . . . . . . Artifact . | . . . . . . . Weapon 2 | . . . 1 1 . . Energy Gun . | . . . . . . . Energy Cannon 2 | . . . 1 1 . . Ballistic Gun . | . . . . . . . Ballistic Cannon . | . . . . . . . Launcher . | . . . . . . . Special Weapon . | . . . . . . . Impact Weapon . | . . . . . . . Slashing Weapon . | . . . . . . . Piercing Weapon . | . . . . . . . Special Melee Weapon . | . . . . . . . Unidentified Prototypes . | . . . . . . . Parts Lost 2 | . . . . . 2 . Power . | . . . . . . . Propulsion 2 | . . . . . 2 . Utility . | . . . . . . . Weapon . | . . . . . . . Highest Loss Streak 1 | . . . . . 1 . To Critical Strikes . | . . . . . . . Average Slot Usage (%) 3 | . . . . 2 11 7 Processor 2 | . . . . 2 7 7 Peak Build Rating 7 | . . . 3 3 7 3 Average Rating 1 | . . . . . 4 3 On Entrance . | . . . . . 3 3 Naked Turns 296 | . 38 33 75 150 . . Heaviest Build . | . . . . . . . Greatest Support 8 | 3 3 3 3 3 8 3 Greatest Overweight (x) . | . . . . . . . Average Overweight (x) . | . . . . . . . Largest Inventory Capacity 5 | 5 5 5 5 5 5 5 Average Capacity 5 | 5 5 5 5 5 5 5 Most Carried 2 | . . . 1 2 2 2 Average Carried 1 | . . . . 1 2 2 Final Capacity 5 | 5 5 5 5 5 5 5 Final Carried 2 | . . . 1 2 2 2 Class Distribution -------------------- 100% | Mutant Dominant Class ---------------- Mutant | -10/Materials Mutant | -9/Materials Mutant | -8/Materials Mutant | -7/Factory Mutant | -7/Lower Caves Mutant | -7/Lower Caves Resources | -11 -10 -9 -8 -7 -7 -7 ----------- Run | Yrd Mat Mat Mat Fac Low Low Matter Collected 200 | 93 . 107 . . . . Remotely . | . . . . . . . Salvage Created . | . . . . . . . Parts . | . . . . . . . Haulers Intercepted . | . . . . . . . Recyclers Shooed . | . . . . . . . Parts Field Recycled . | . . . . . . . Retrieved Matter . | . . . . . . . Parts Self-Destructed 1 | . . . . . 1 . Prevented . | . . . . . . . Kills | -11 -10 -9 -8 -7 -7 -7 ------- Run | Yrd Mat Mat Mat Fac Low Low Combat Hostiles Destroyed . | . . . . . . . Classes Destroyed . | . . . . . . . Best Kill Streak . | . . . . . . . Combat Bots Only . | . . . . . . . Max Kills in Single Turn . | . . . . . . . Gunslinging . | . . . . . . . Exploded . | . . . . . . . Melee . | . . . . . . . Uniques/NPCs Destroyed . | . . . . . . . Combat | -11 -10 -9 -8 -7 -7 -7 -------- Run | Yrd Mat Mat Mat Fac Low Low Hostile Shots Fired 139 | . 1 8 20 77 30 3 Missed 61 | . . 3 5 41 12 . Damage Taken 1080 | . 10 65 237 456 266 46 Core 1014 | . 10 65 237 456 200 46 Absorbed by Shields . | . . . . . . . Core Remaining (%) 83 | 100 96 83 56 . . . Volleys Fired 5 | . . . 2 3 . . Largest 1 | . . . 1 1 . . Hottest 75 | . . . 75 75 . . Shots Fired 5 | . . . 2 3 . . Gun . | . . . . . . . Cannon 5 | . . . 2 3 . . Launcher . | . . . . . . . Special . | . . . . . . . Kinetic . | . . . . . . . Thermal 5 | . . . 2 3 . . Explosive . | . . . . . . . Electromagnetic . | . . . . . . . Robot Hit Streak . | . . . . . . . Robot Miss Streak . | . . . . . . . Penetration Max . | . . . . . . . Secondary Targets . | . . . . . . . Shots Hit Robots . | . . . . . . . Core Hits 5 | . . . 3 2 . . Critical Kills . | . . . . . . . Critical Parts Destroyed . | . . . . . . . Critical Strikes . | . . . . . . . Melee Attacks . | . . . . . . . Impact . | . . . . . . . Slashing . | . . . . . . . Piercing . | . . . . . . . Sneak Attacks . | . . . . . . . Combat Hostiles . | . . . . . . . Follow-up Attacks . | . . . . . . . Damage Inflicted 47 | . . . 22 25 . . Guns . | . . . . . . . Cannons . | . . . . . . . Explosions 14 | . . . . 14 . . Melee . | . . . . . . . Ramming 33 | . . . 22 11 . . Kinetic . | . . . . . . . Thermal . | . . . . . . . Explosive 14 | . . . . 14 . . Electromagnetic . | . . . . . . . Impact . | . . . . . . . Slashing . | . . . . . . . Piercing . | . . . . . . . Highest Corruption . | . . . . . . . Average Corruption . | . . . . . . . Corruption Purged . | . . . . . . . Corruption Blocked . | . . . . . . . Overload Shots . | . . . . . . . Overflow Damage . | . . . . . . . Projectiles . | . . . . . . . Explosions . | . . . . . . . Melee . | . . . . . . . Knockbacks . | . . . . . . . Impact . | . . . . . . . Kinetic . | . . . . . . . Secondary . | . . . . . . . Self-Inflicted Damage 14 | . . . 9 5 . . Shots . | . . . . . . . Rammed 8 | . . . 5 3 . . Targets Rammed 8 | . . . 5 3 . . Kicked . | . . . . . . . Crushed . | . . . . . . . Highest Temperature 61 | . . . 24 61 . . Average Temperature 26 | . . . 13 34 . . Received Heat Transfer 456 | . 6 39 162 249 . . Siege Activations . | . . . . . . . Robots Corrupted . | . . . . . . . Combat Hostiles . | . . . . . . . Parts Fried . | . . . . . . . Impact Corruptions . | . . . . . . . Robots Melted . | . . . . . . . Combat Hostiles . | . . . . . . . Parts Melted . | . . . . . . . Heat Transferred . | . . . . . . . Parts Sabotaged . | . . . . . . . Parts Stolen . | . . . . . . . Parts Stripped . | . . . . . . . Power Chain Reactions . | . . . . . . . Alert | -11 -10 -9 -8 -7 -7 -7 ------- Run | Yrd Mat Mat Mat Fac Low Low Peak Influence 420 | . 23 24 116 420 . . Initial 52 | . . 9 9 52 . . Average 144 | . 7 15 47 233 . . Maximum Alert Level 2 | . . . . 2 . . Low Security (%) 65 | 100 100 100 100 39 . . Level 1 33 | . . . . 58 . . Level 2 1 | . . . . 1 . . Level 3 . | . . . . . . . Level 4 . | . . . . . . . Level 5 . | . . . . . . . High Security . | . . . . . . . Max Security . | . . . . . . . Squads Dispatched 2 | . . . 1 1 . . Investigation . | . . . . . . . Extermination . | . . . . . . . Reinforcement 2 | . . . 1 1 . . Assault . | . . . . . . . Garrison . | . . . . . . . Intercept . | . . . . . . . Searches Triggered . | . . . . . . . Construction Impeded . | . . . . . . . Haulers Reinforced . | . . . . . . . Active Scanning Responses . | . . . . . . . Cargo Convoy Interrupts . | . . . . . . . Stealth | -11 -10 -9 -8 -7 -7 -7 --------- Run | Yrd Mat Mat Mat Fac Low Low Distress Signals 1 | . . . 1 . . . Communications Jammed . | . . . . . . . Distress Signals . | . . . . . . . Times Spotted 49 | . 3 2 10 21 12 1 Peak Tracking Total 13 | . 4 2 8 13 4 1 Tactical Retreats 9 | . . . 2 4 3 . Traps | -11 -10 -9 -8 -7 -7 -7 ------- Run | Yrd Mat Mat Mat Fac Low Low Traps Triggered 1 | . . . . 1 . . Indirectly . | . . . . . . . Trap Hack Attempts . | . . . . . . . Triggered . | . . . . . . . Disarmed . | . . . . . . . Reprogrammed . | . . . . . . . Reused . | . . . . . . . Traps Extracted . | . . . . . . . Installed . | . . . . . . . Triggered 1 | . . . . . 1 . Machines | -11 -10 -9 -8 -7 -7 -7 ---------- Run | Yrd Mat Mat Mat Fac Low Low Machines Disabled 1 | . . . . 1 . . Max in Single Turn 1 | . . . . 1 . . Machines Repaired . | . . . . . . . Machines Dismantled . | . . . . . . . Machines Sabotaged . | . . . . . . . Overloaded Fab Kills . | . . . . . . . Hacking | -11 -10 -9 -8 -7 -7 -7 --------- Run | Yrd Mat Mat Mat Fac Low Low Machines Accessed 11 | . 2 . 1 8 . . Terminals 10 | . 2 . 1 7 . . Fabricators 1 | . . . . 1 . . Repair Stations . | . . . . . . . Recycling Units . | . . . . . . . Scanalyzers . | . . . . . . . Garrison Access . | . . . . . . . Total Hacks 22 | . 5 . 3 14 . . Successful 6 | . 1 . 2 3 . . Failed 16 | . 4 . 1 11 . . Catastrophic 4 | . . . 1 3 . . Database Lockouts . | . . . . . . . Manual 12 | . 2 . 2 8 . . Terminals 21 | . 5 . 3 13 . . Fabricators 1 | . . . . 1 . . Repair Stations . | . . . . . . . Recycling Units . | . . . . . . . Scanalyzers . | . . . . . . . Garrison Access . | . . . . . . . Terminal Hacks 3 | . 1 . 2 . . . Level Access Points 1 | . 1 . . . . . Emergency Access Points 2 | . . . 2 . . . Fabricator Hacks 1 | . . . . 1 . . Network Status 1 | . . . . 1 . . Repair Station Hacks . | . . . . . . . Recycling Unit Hacks . | . . . . . . . Scanalyzer . | . . . . . . . Garrison Access Hacks . | . . . . . . . Unauthorized Hacks 2 | . . . . 2 . . Terminals 2 | . . . . 2 . . Assimilate 1 | . . . . 1 . . Botnet 1 | . . . . 1 . . Fabricators . | . . . . . . . Repair Stations . | . . . . . . . Recycling Units . | . . . . . . . Scanalyzers . | . . . . . . . Garrison Access . | . . . . . . . Data Cores Recovered . | . . . . . . . Used . | . . . . . . . Hacking Detections 9 | . 2 . 1 6 . . Full Trace Events . | . . . . . . . Feedback Events . | . . . . . . . Feedback Blocked . | . . . . . . . Robot Schematics Acquired . | . . . . . . . Robots Built . | . . . . . . . Authchips . | . . . . . . . Time . | . . . . . . . Total Robot Build Rating . | . . . . . . . Part Schematics Acquired . | . . . . . . . Parts Built . | . . . . . . . Authchips . | . . . . . . . Time . | . . . . . . . Total Part Build Rating . | . . . . . . . Parts Repaired . | . . . . . . . Time . | . . . . . . . Parts Recycled . | . . . . . . . Recycled Matter . | . . . . . . . Retrieved Matter . | . . . . . . . Retrieved Components . | . . . . . . . Parts Scanalyzed . | . . . . . . . Part Schematics Acquired . | . . . . . . . Parts Damaged . | . . . . . . . Bothacking | -11 -10 -9 -8 -7 -7 -7 ------------ Run | Yrd Mat Mat Mat Fac Low Low Used RIF Installer . | . . . . . . . Robots Hacked . | . . . . . . . Non-combat . | . . . . . . . Combat . | . . . . . . . Robot Hacks Applied . | . . . . . . . Relay Couplers Released . | . . . . . . . Fabnet Peak Effective % . | . . . . . . . Robots Rewired . | . . . . . . . Allies Hacked . | . . . . . . . Hacks Repelled . | . . . . . . . Allies | -11 -10 -9 -8 -7 -7 -7 -------- Run | Yrd Mat Mat Mat Fac Low Low Total Allies 1 | . . . . 1 . . Largest Group 1 | . . . . 1 . . Highest-Rated Group 26 | . . . . 26 . . Highest-Rated Ally 26 | . . . . 26 . . Total Orders 1 | . . . . 1 . . STAY 1 | . . . . 1 . . Ally Attacks . | . . . . . . . Total Damage . | . . . . . . . Kills . | . . . . . . . Allies Corrupted . | . . . . . . . Allies Melted . | . . . . . . . Intel | -11 -10 -9 -8 -7 -7 -7 ------- Run | Yrd Mat Mat Mat Fac Low Low Robot Analysis Total . | . . . . . . . Derelict Logs Recovered 1 | . . . . . 1 . Drone Launches . | . . . . . . . Drone Recoveries . | . . . . . . . Exploration | -11 -10 -9 -8 -7 -7 -7 ------------- Run | Yrd Mat Mat Mat Fac Low Low Turns Passed 485 | 9 38 33 80 211 102 12 Spaces Moved 965 | 19 76 66 132 396 253 23 Core 782 | 19 76 66 132 396 70 23 Treads . | . . . . . . . Legs . | . . . . . . . Wheels . | . . . . . . . Hover . | . . . . . . . Flight 183 | . . . . . 183 . Fastest Speed 32 | 50 50 50 50 50 32 50 Average Speed 47 | 50 50 50 50 50 39 50 Slowest Speed 50 | 50 50 50 50 50 50 50 Overloaded Moves . | . . . . . . . Propulsion Burnouts . | . . . . . . . Robots Hopped . | . . . . . . . Cave-ins Triggered . | . . . . . . . Exploration Rate (%) 21 | 3 27 12 20 19 58 8 Regions Visited 6 Branch Regions 2 Pre-discovered Areas . | . . . . . . . Known Exits Taken 1 | . 1 . . . . . Unknown Exits Taken 5 | 1 . 1 1 1 1 . Scrap Searched . | . . . . . . . Spaces Dug 2 | . . . 2 . . . Terrain Destroyed 32 | . . . 2 30 . . Melee . | . . . . . . . Projectile 2 | . . . 2 . . . AOE 30 | . . . . 30 . . Terrain Rammed . | . . . . . . . Walls Destroyed . | . . . . . . . Machines Disabled . | . . . . . . . Actions | -11 -10 -9 -8 -7 -7 -7 --------- Run | Yrd Mat Mat Mat Fac Low Low Total 983 | 18 75 65 143 405 254 23 Wait 2 | . . . 2 . . . Move 959 | 18 75 65 131 395 252 23 Hop . | . . . . . . . Pick Up 2 | . . . 1 1 . . Fast Attach 3 | . . . . 1 2 . Attach 2 | . . . 1 1 . . Detach 2 | . . . 1 1 . . Swap . | . . . . . . . Drop . | . . . . . . . Fire 5 | . . . 2 3 . . Melee . | . . . . . . . Ram 8 | . . . 5 3 . . Kick . | . . . . . . . Crush . | . . . . . . . Escape Stasis . | . . . . . . . Rewire . | . . . . . . . Trap . | . . . . . . . Miscellaneous . | . . . . . . . Route ------- -11/Scrapyard -10/Materials (discovered 3 exits: *Mat x3) -9/Materials -8/Materials -7/Factory -7/Lower Caves -7/Lower Caves History --------- Turn | Location | Event 3 | -11/Scrapyard | Discovered new exit (range 15) 10 | -11/Scrapyard | Entered Materials 41 | -10/Materials | Discovered new exit (range 15) 42 | -10/Materials | Identified exit to Materials 48 | -10/Materials | Entered another Materials area 48 | -9/Materials | Evolved 2 slots: Utility x2 74 | -9/Materials | Discovered new exit (range 15) 81 | -9/Materials | Entered another Materials area 81 | -8/Materials | Evolved 2 slots: Utility x2 158 | -8/Materials | Discovered new exit (range 4) 161 | -8/Materials | Entered Factory 161 | -7/Factory | Evolved 2 slots: Propulsion x2 232 | -7/Factory | Core integrity fell below 50% 300 | -7/Factory | Build established: Mutant 368 | -7/Factory | Discovered new exit (range 9) 372 | -7/Factory | Entered Lower Caves 415 | -7/Lower Caves | Encountered a Warlord checkpoint 448 | -7/Lower Caves | Core integrity fell below 20% 469 | -7/Lower Caves | Discovered new exit (range 11) 474 | -7/Lower Caves | Entered another Lower Caves area 486 | -7/Lower Caves | Destroyed by P-60 Hacker with Shock Rifle Last Messages --------------- 00332_ Machine Analyzer broken. 00332_ Destabilizing: Short circuit. 00333_ C-30 ARC bursts open, deploying its payload. 00333_ G-47 Trooper unfolds itself. 00335_ K-01 Serf collects debris. 00354_ ALERT: Hostiles spotted, dispatching reinforcements to Terminal F004. 00364_ Connecting with Terminal... 00368_ EXIT=FOUND LOCATION=UNKNOWN GOAL=ESCAPE 00378_ S-27 Virus destroyed. 00381_ Acquired VTOL Module. 00384_ VTOL Module destroyed. 00415_ LI-S6C(M): "We're here to intercept Unaware patrols. Move along before you get yourself shot." 00447_ VTOL Module destroyed. 00469_ EXIT=FOUND 00471_ Acquired derelict log, extracted data. Data stored: Lower Caves entrances (x1). LOCATION=UNKNOWN GOAL=ESCAPE Map ----- +----------------------------------------------------+ | | | ?????????????????????????????????????????????????? | | ?????????????????????????????????????????????????? | | ?????????????????????????????????????????????????? | | ?????????????????????????????????????????????????? | | ?????????????????????????????????????????????????? | | ?????????????????????????????????????????????????? | | ?????????????????????????????????????????????????? | | ?????????????????????????????????????????????????? | | ?????????????????????????????????????????????????? | | ?????????????????????????????????????????????????? | | ?????????????????????????????????????????????????? | | ?????????????????????????????????????????????????? | | ?????????????????????????????????????????????????? | | ?????????????????????????????????????????????????? | | ????????????????????????####?????????????????????? | | ????????????????????##### #####?????????????????? | | ???????????????????## ####??????????????? | | ???????????????????# ##?????????????? | | ???????????? ? ??# #?????????????? | | ???????????? ?# #?????????????? | | ????????????? ## #?????????????? | | ??????????? ## #?????????????? | | ??????????? #?????????????? | | ??????????????# #??????????????? | | ??????????????# @ #???????????????? | | ??????????????# ##???????????????? | | ??????????????# #????????????????? | | ??????????????# #????????????????? | | ??????????????# ####????????????????? | | ??????????????# ##???????????????????? | | ??????????????# ## #????????????????????? | | ????????????? ?# ####????????????????????? | | ????????????? ??# #???????????????????????? | | ????????????? ???# #???????????????????????? | | ?????????????? ????# #???????????????????????? | | ?????????????? ????# p#???????????????????????? | | ???????????????? ?????# #???????????????????????? | | ?????????????????????## #####???????????????????? | | ??????????????????# ## #???????????????????? | | ??????????????????# #???????????????????? | | ??????????????????# ## #???????????????????? | | ??????????????????##### ## #???????????????????? | | ?????????????????????# ### ##??????????????????? | | ???????????????????? ?# ###????????????????? | | ??????????????????? #?# #????????????????? | | ??????????????????#####??## #????????????????? | | ??????????????????????????# ###????????????????? | | ?????????????????????????? ##??????????????????? | | ?????????????????????????? #???????????????????? | +----------------------------------------------------+ Best States ------------- Heat Dissipation 34 Energy Generation 5 Energy Capacity 100 Matter Stores 300 Matter Capacity 300 Sight Range 16 Terrain Scan Density 10 Evasion (%) 63 Item Schematics ----------------- None Robot Schematics ------------------ None Fabricated ------------ Nothing Alien Tech Used ----------------- None Achievements -------------- None Challenges ------------ None Game ------ Seed GravityWaveRay Manual? 0 Play Time 00:12:11 Cumulative 95.6 hours Start 2024.10.20 @ 21:31:57 End 2024.10.20 @ 21:44:24 Sessions 1 Manual Loads 0 Difficulty Rogue Special Mode None Game No. 115 Rogue 115 Adventurer 0 Explorer 0 Win Type - Total 13 Types 12/0/1/0/0/0/0/0/0 Lore% 36 Gallery% 48 Achievement% 50 Wizard Run 0 Options --------- Layout 0 ASCII 0 Keyboard 1 Movement Numpad Keybinds 0 Fullscreen 2 Font 18/SmallcapsGlow Map View 112x50 Zoom Use 0% Tactical HUD 1 Map Filters NONE Filters NONE Steam 1 RUN: 404a309b-127b-4922-a36b-f127dedb12b8